 Dungeon Crawl Stone Soup version 0.31-a0-150-g89dc3ad700 (webtiles) character file.

Game seed: 13723973943205112575

84 qw the Shooter (level 4, -3/38 HPs)
             Began as a Minotaur Hunter on June 8, 2023.
             Slain by Sigmund
             ... wielding a +1 antimagic scythe
              (9 damage)
             ... on level 2 of the Dungeon.
             The game lasted 00:00:30 (1165 turns).

qw the Shooter (Minotaur Hunter)                    Turns: 1165, Time: 00:00:30

Health: -3/38      AC:  4    Str: 16    XL:     4   Next: 24%
Magic:  2/3        EV: 12    Int:  6    God:
Gold:   99         SH:  0    Dex: 15    Spells: 3/3 levels left

rFire   . . .        Y - +0 shortbow
rCold   . . .        (shield currently unavailable)
rNeg    . . .        c - +0 leather armour
rPois   .            (helmet restricted)
rElec   .            (no cloak)
rCorr   .            (no gloves)
SInv    .            a - +0 pair of boots
Will    .....        (no amulet)
Stlth   +            (no ring)
HPRegen 0.26/turn    (no ring)
MPRegen 0.08/turn

%: no passive effects
@: mighty
A: horns 2, retaliatory headbutt
a: no special abilities


You were on level 2 of the Dungeon.
You visited 1 branch of the dungeon, and saw 2 of its levels.

You collected 99 gold pieces.


Innate Abilities, Weirdness & Mutations

You have a pair of horns on your head.
You reflexively headbutt those who attack you in melee.


   Skills:
 - Level 3.0 Fighting
 - Level 6.1 Ranged Weapons
 + Level 0.4 Armour
 - Level 2.1 Dodging
 - Level 0.7 Stealth


You had 3 spell levels left.
You didn't know any spells.
Your spell library was empty.

Inventory:

Hand Weapons
 Y - a +0 shortbow (weapon)
Armour
 a - a +0 pair of boots (worn)
 c - a +0 leather armour (worn)
Jewellery
 e - a ring of ice
Potions
 b - a potion of degeneration {unknown}
 d - a potion of attraction {unknown}
 f - a potion of might
 i - a potion of ambrosia {unknown}
 j - a potion of magic {unknown}
 l - 2 potions of enlightenment {unknown}

Dungeon Overview and Level Annotations

Branches:
Dungeon (2/15)

Altars:

Annotations:
D:2 Sigmund


Message History

Sigmund casts a spell.
Sigmund flickers and vanishes!
Deactivating autopickup; reactivate with Ctrl-A.
Autopickup is now on.
Enter note:
Enter note:
Enter note:
Enter note:
Enter note:
Enter note:
Enter note:
Enter note:
Enter note:
Enter note:
Enter note: Deactivating autopickup; reactivate with Ctrl-A.
Something tries to affect you, but you resist.
Autopickup is now on.
You start resting.
You hear some strange, mumbled words.
Deactivating autopickup; reactivate with Ctrl-A.
You are confused.
Autopickup is now on.
A magic dart appears from out of thin air!
Deactivating autopickup; reactivate with Ctrl-A.
The magic dart hits you.
You shoot an arrow. The arrow hits the plant.
The plant begins to die.
The plant is lightly damaged.
You shoot an arrow. Something completely misses you.
You shoot an arrow.
A nearby plant withers and dies.
Something hits you.
You shoot an arrow.
You feel less confused. Something hits you but does no damage.
You shoot an arrow. You shoot an arrow. The arrow hits the plant.
The plant begins to die.
The plant is lightly damaged.
Something hits you!
You die...

.### #..{#P~77 7~~P.#...# #...
...# #...#.~~7777~~..#.### ####
...# #...#~P~~~~7~~..#.#
...#####...#..~P~P~P...#.#
.#.............~P.P%...#.##
................~P.........
...............{.......####
..#.####...#####..#.##.# ..#.#
#...# #@......# ..#.# #...#
####.#### ##### .P..# #...# #.#
#.... .~..# #...## #.# #.###
~~7.####....# ### #.#########.###
)7P......##.###.###........##.##.
.~.#.###.##.##.#.#########.%.....
~~...# #....#.###.## ####.###
.~P### #)##..## ##.# #....


There were no monsters in sight!

Vanquished Creatures
  Jessica (D:2)
  An adder (D:2)
  A worm (D:2)
  3 dart slugs
  4 endoplasms (D:1)
  4 giant cockroaches
  5 goblins
  3 hobgoblins
  2 quokkas
  5 ball pythons
  4 bats
  3 frilled lizards (D:1)
  A kobold (D:2)
  A rat (D:1)
38 creatures vanquished.

Notes
Turn   | Place    | Note
-------+----------+-------------------------------------------
     0 | D:1      | qw the Minotaur Hunter began the quest for the Orb.
     0 | D:1      | Reached XP level 1. HP: 18/18 MP: 0/0
     0 | D:1      | 0 ||| qw: Version: 0.2-a-119-g7aa9181
     0 | D:1      | 0 ||| qw: Game counter: 2815
     0 | D:1      | 0 ||| qw: Always use a shield: true
     0 | D:1      | 0 ||| qw: God list: Okawaru
     0 | D:1      | 0 ||| qw: Allow faded altars: false
     0 | D:1      | 0 ||| qw: Do Orc after D:15 true
     0 | D:1      | 0 ||| qw: Do second Lair branch before Depths: true
     0 | D:1      | 0 ||| qw: Lair rune preference: random
     0 | D:1      | 0 ||| qw: Plans: Normal
     0 | D:1      | 0 ||| PLANNING D:1-11
    71 | D:1      | 71 ||| FLEEEEING.
    72 | D:1      | 72 ||| FLEEEEING.
    73 | D:1      | 73 ||| FLEEEEING.
   118 | D:1      | Found a faded altar of an unknown god.
   121 | D:1      | Reached XP level 2. HP: 25/25 MP: 1/1
   180 | D:1      | Reached skill level 5 in Ranged Weapons
   266 | D:1      | Reached skill level 3 in Fighting
   436 | D:1      | Reached XP level 3. HP: 31/31 MP: 2/2
   591 | D:1      | 591 ||| READING scroll labelled IQIRRE ZINIC.
   595 | D:1      | 595 ||| READING scroll labelled SACROALYDOP.
   596 | D:1      | 596 ||| READING scroll labelled USTIC SEGOEROA.
   597 | D:1      | 597 ||| DRINKING 2 golden potions.
   598 | D:1      | 598 ||| DROPPING scroll of butterflies.
   769 | D:2      | 769 ||| UPGRADING to +0 pair of boots.
   964 | D:2      | Noticed Jessica
   968 | D:2      | Killed Jessica
   969 | D:2      | Reached skill level 6 in Ranged Weapons
   969 | D:2      | Reached XP level 4. HP: 38/38 MP: 3/3
  1132 | D:2      | Noticed Sigmund
  1136 | D:2      | 1136 ||| DRINKING potion of curing.
  1136 | D:2      | 1136 ||| (to cure confusion)
  1145 | D:2      | 1145 ||| DRINKING 2 red potions.
  1147 | D:2      | HP: 7/38 [Sigmund/puff of flame (7)]
  1159 | D:2      | HP: 5/38 [something/magic dart (5)]
  1165 | D:2      | Slain by Sigmund

Levels and vault maps discovered:
D:1:      lemuel_arrival_rhombus, layout_loops_cross,
          ebering_ecumenical_altar_webs
D:2:      layout_loops_cross, serial_bayou, serial_bayou_shore_b,
          serial_bayou_pond_a, serial_bayou_pond_c, serial_bayou_pond_b,
          serial_bayou_shore_a, uniq_jessica, uniq_sigmund

Skill      XL: |  1  2  3 |
---------------+----------+-----
Ranged Weapons | 5 6 |  6.1
Fighting       | 3 |  3.0
Armour         | |  0.4
Dodging        | |  2.1
Stealth        | |  0.7

Action                     |  1- 3 |  4- 6 || total
---------------------------+-------+-------++-------
   Fire: Shortbow          |    73 |    25 ||    98
    Use: Scroll            |     3 |       ||     3
         Potion            |     1 |     2 ||     3
 Armour: Leather armour    |     5 |     2 ||     7
  Dodge: Dodged            |     9 |     6 ||    15

Table legend:
 A = Non-vault XP
 B = Vault XP
 C = Vault XP percentage of total XP
 D = Non-vault monster count
 E = Vault monster count
 F = Vault count percentage of total count
                 A         B        C        D         E       F
            +---------+---------+-------+---------+---------+-------
      Total |      77 |      44 |  36.4 |      33 |       5 |  13.2
            +---------+---------+-------+---------+---------+-------
        D:1 |      44 |       0 |   0.0 |      24 |       0 |   0.0
        D:2 |      33 |      44 |  57.1 |       9 |       5 |  35.7
            +---------+---------+-------+---------+---------+-------
